 Dungeon Crawl Stone Soup version 0.29-a0-648-g6b26cc9f40 (webtiles) character file.

Game seed: 24734338011938419

420 avis the Chiller (level 6, -7/50 (51) HPs)
             Began as a Demigod Ice Elementalist on June 20, 2022.
             Killed from afar by a steam dragon (22 damage)
             ... with a ball of steam
             ... on level 5 of the Dungeon.
             The game lasted 00:45:00 (5867 turns).

avis the Chiller (Demigod Ice Elementalist)         Turns: 5867, Time: 00:45:01

HP:   -7/50 (51)    AC:  3    Str:  9    XL:     6   Next: 35%
MP:   6/13          EV: 14    Int: 17    God:
Gold: 31            SH:  5    Dex: 22    Spells: 5/11 levels left

rFire   . . .      SeeInvis .   b - +0 hunting sling
rCold   . . .      Faith    .   (no shield)
rNeg    . . .      Spirit   .   j - +0 robe
rPois   .          Reflect  +   m - +0 helmet
rElec   .          Harm     .   (no cloak)
rCorr   .          Rampage  .   (no gloves)
Will    .....                   (no boots)
Stlth   +++.......              f - amulet of reflection
HPRegen 0.16/turn               (no ring)
MPRegen 0.13/turn               (no ring)

@: lightly drained
A: high MP 1, forlorn, divine attributes
a: no special abilities


You were on level 5 of the Dungeon.
You visited 2 branches of the dungeon, and saw 6 of its levels.
You also visited: Sewer.

You collected 174 gold pieces.
You spent 143 gold pieces at shops.

Inventory:

Hand Weapons
 a - the +1 dagger of the Hurting Gods {freeze, *Corrode Will+ Dex+4}
   (You took it off an orc on level 3 of the Dungeon)

   It freezes those it strikes, dealing additional cold damage.
   It can also slow down cold-blooded creatures.
   Dex:       It affects your dexterity (+4).
   *Corrode:  It may corrode you when you take damage.
   Will:      It increases your willpower.
 b - a +0 hunting sling (weapon)
Armour
 j - a +0 robe (worn)
 m - a +0 helmet (worn)
Jewellery
 f - an amulet of reflection (around neck)
Scrolls
 e - a scroll of immolation {unknown}
 g - a scroll of acquirement {unknown}
 h - a scroll of magic mapping {unknown}
 i - a scroll of blinking {unknown}
 l - 2 scrolls of teleportation {unknown}
 n - 3 scrolls of poison {unknown}
 p - a scroll of brand weapon {unknown}
 q - a scroll of vulnerability {unknown}
 t - 2 scrolls of enchant armour {unknown}
 y - a scroll of enchant weapon {unknown}
 B - a scroll of fog {unknown}
Potions
 c - a potion of invisibility
 d - a potion of magic
 k - a potion of brilliance
 o - a potion of might
 s - 2 potions of curing
 u - a potion of flight


   Skills:
 * Level 3.3 Fighting
 - Level 3.0 Dodging
 - Level 3.0 Stealth
 - Level 3.0 Spellcasting
 - Level 2.0 Translocations
 - Level 4.0 Ice Magic


You had 5 spell levels left.
You knew the following spells:

 Your Spells              Type           Power      Damage    Failure   Level
a - Freeze                Ice            64%        1d8       3%          1
b - Blink                 Tloc           18%        N/A       12%         2
o - Ozocubu's Armour      Ice            16%        N/A       10%         3

Your spell library contained the following spells:

 Spells                   Type           Power      Damage    Failure   Level
 Frozen Ramparts          Ice            32%        1d5       10%         3
 Lesser Beckoning         Tloc           9%         N/A       22%         3
 Portal Projectile        Hex/Tloc       10%        N/A       34%         3
 Tukima's Dance           Hex            2%         N/A       45%         3
 Hailstorm                Conj/Ice       9%         3d4       58%         4
 Manifold Assault         Tloc           9%         N/A       91%         5
 Blade Hands              Tmut           1%         N/A       99%         5


Dungeon Overview and Level Annotations

Branches:
Dungeon (5/15)             Temple (1/1) D:4           Sewer (visited)

Shops:
D:1 !

Annotations:
D:3 3 runed translucent doors, DocClef's ghost, amateur TeFi
D:4 2 runed translucent doors, Gus979's ghost, amateur DsNe


Innate Abilities, Weirdness & Mutations

You have an increased reservoir of magic. (+10% MP)
You shall have no god before yourself.
Your divine heritage dramatically boosts your attributes as you level up.


Message History

You freeze the steam dragon.
The steam dragon is lightly wounded.
You are engulfed in a cloud of scalding steam.
You block the steam dragon's attack. The steam dragon claws you.
The heat melts your icy armour.
Unknown command.
Casting: Freeze (safe; 3% risk of failure)
Confirm with . or Enter, or press ? or * to list all spells.
Aiming: Freeze (safe; 3% risk of failure)
Press: ? - help, Shift-Dir - straight line, f/p - steam dragon
Aim: a steam dragon (steam, lightly wounded)
You freeze the steam dragon.
The steam dragon is moderately wounded.
You are engulfed in a cloud of scalding steam.
The steam dragon closely misses you. You block the steam dragon's attack.
The heat melts your icy armour.
Casting: Freeze (safe; 3% risk of failure)
Confirm with . or Enter, or press ? or * to list all spells.
Aiming: Freeze (safe; 3% risk of failure)
Press: ? - help, Shift-Dir - straight line, f/p - steam dragon
Aim: a steam dragon (moderately wounded)
You freeze the steam dragon!
The steam dragon is heavily wounded.
You are engulfed in a cloud of scalding steam.
The steam dragon barely misses you.
The steam dragon claws you but does no damage.
The heat melts your icy armour.
Casting: Freeze (safe; 3% risk of failure)
Confirm with . or Enter, or press ? or * to list all spells.
Aiming: Freeze (safe; 3% risk of failure)
Press: ? - help, Shift-Dir - straight line, f/p - steam dragon
Aim: a steam dragon (heavily wounded)
You freeze the steam dragon.
The steam dragon is severely wounded.
You are engulfed in a cloud of scalding steam.
* * * LOW HITPOINT WARNING * * *
The steam dragon breathes steam at you. The ball of steam hits you!!
Your icy armour melts away.
You die...

#######
#####.....#
########......<..#
..D..D§..........#
########.........#
#......D@.#
#.........#
###########


You could see a steam dragon (catching breath).

Vanquished Creatures
  A necrophage (D:4)
  A hound (D:3)
  Jessica (D:2)
  2 iguanas
  3 gnolls (D:3)
  9 adders
  4 river rats
  2 worms
  A dart slug (D:1)
  3 orcs
  5 bats
  9 endoplasms
  6 giant cockroaches
  7 hobgoblins
  2 jackals (D:3)
  A quokka (D:1)
  12 ball pythons
  9 frilled lizards
  6 goblins
  7 kobolds
  14 rats
105 creatures vanquished.

Notes
Turn   | Place    | Note
-------+----------+-------------------------------------------
     0 | D:1      | avis the Demigod Ice Elementalist began the quest for the
                  | Orb.
     0 | D:1      | Reached XP level 1. HP: 14/14 MP: 5/5
   144 | D:1      | Reached skill level 4 in Ice Magic
   305 | D:1      | Reached XP level 2. HP: 22/22 MP: 7/7
   406 | D:1      | Found Puetz's Distillery.
   674 | D:1      | Reached skill level 1 in Fighting
  1045 | D:2      | Reached XP level 3. HP: 29/29 MP: 8/8
  1199 | D:2      | Learned a level 3 spell: Ozocubu's Armour
  1243 | D:2      | Noticed Jessica
  1250 | D:2      | Killed Jessica
  1468 | D:2      | Reached XP level 4. HP: 36/36 MP: 3/9
  1541 | D:2      | Learned a level 2 spell: Blink
  2135 | D:3      | Reached skill level 1 in Translocations
  2205 | D:3      | Found a glowing drain.
  2256 | Sewer    | Entered a sewer
  2461 | Sewer    | Reached XP level 5. HP: 36/45 MP: 7/10
  2953 | D:1      | Bought a potion of degeneration for 13 gold pieces
  2953 | D:1      | Bought a potion of attraction for 39 gold pieces
  2953 | D:1      | Bought a potion of curing for 39 gold pieces
  3067 | D:3      | Found a runed translucent gate.
  3068 | D:3      | Found a runed translucent gate.
  3068 | D:3      | Noticed DocClef's ghost (amateur TeFi)
  3070 | D:3      | Found a runed translucent gate.
  3132 | D:3      | Identified the +1 dagger of the Hurting Gods {freeze,
                  | *Corrode Will+ Dex+4}
  3708 | D:3      | Noticed a black bear
  4573 | D:4      | Found a staircase to the Ecumenical Temple.
  4573 | D:4      | Found a large runed translucent door.
  4573 | D:4      | Found a large runed translucent door.
  4595 | Temple   | Entered the Ecumenical Temple
  4674 | D:1      | Bought a potion of might for 52 gold pieces
  4794 | D:4      | Reached XP level 6. HP: 51/51 MP: 8/13
  5196 | D:4      | Noticed Gus979's ghost (amateur DsNe)
  5245 | D:5      | Entered Level 5 of the Dungeon
  5446 | D:5      | Noticed a steam dragon
  5867 | D:5      | Killed from afar by a steam dragon

Illustrated notes

Levels and vault maps discovered:
D:1:      co_arrival_square_in_a_square_in_a_square, layout_rooms, serial_shops,
          nicolae_lakefront_shop, st_stairs_14
D:2:      layout_loops_ring, chequers_ecumenical_altar_island, uniq_jessica
D:3:      layout_loops_cross, zin_treasury, portal_sewer_entry_e,
          gammafunk_ghost_split, corexii_hall_statues_t, skrybe_limestone_x,
          kennysheep_minor_cross
D:4:      layout_cave_pools, minmay_temple_entry_grid,
          ebering_ghost_disaster_area, kennysheep_generic_room_3
D:5:      kb_forest_paths, layout_rooms, dk_yredelemnul_ordeal, serial_shops,
          shop, uniq_grinder
Temple:   regret_index_temple_mists

Skill      XL: |  1  2  3  4  5  6 |
---------------+-------------------+-----
Ice Magic      | 4 |  4.0
Fighting       | 1 2 3 |  3.3
Spellcasting   | 2 3 |  3.0
Stealth        | 3 |  3.0
Dodging        | 2 3 |  3.0
Translocations | 1 2 |  2.0

Action                   |  1- 3 |  4- 6 || total
-------------------------+-------+-------++-------
Melee: Rapier            |       |     6 ||     6
       Punch             |       |     1 ||     1
       Dagger            |       |    45 ||    45
 Fire: Hunting sling     |    70 |   140 ||   210
 Cast: Freeze            |    21 |    62 ||    83
       Ozocubu's Armour  |     3 |    11 ||    14
  Use: Scroll            |       |     3 ||     3
 Stab: Sleeping          |       |     3 ||     3
Armor: Robe              |     4 |    29 ||    33
Dodge: Dodged            |     9 |    52 ||    61
Block: Other             |     2 |    20 ||    22
       Reflection        |       |     3 ||     3

Table legend: (Time is in decaauts)
 A = Elapsed time spent in this place.
 B = Non-inter-level travel time spent in this place.
 C = Inter-level travel time spent in this place.
 D = Time resting spent in this place.
 E = Time spent auto-exploring this place.
 F = Levels seen in this place.
 G = Mean time per level.
                   A        B        C        D        E       F      G
               +--------+--------+--------+--------+--------+-----+--------+
         Total |   6021 |   5376 |    645 |   2003 |   1873 |   7 |  860.1 |
       Dungeon |   5356 |   4715 |    641 |   1772 |   1807 |   5 | 1071.2 |
        Temple |     35 |     31 |      4 |      0 |      0 |   1 |   35.0 |
         Sewer |    630 |    630 |      0 |    231 |     65 |   1 |  630.0 |
               +--------+--------+--------+--------+--------+-----+--------+

Top non-repeatable levels by time:
     D:3: 1696 daAuts
     D:4: 1311 daAuts
     D:1: 1151 daAuts
     D:2: 1109 daAuts
   Sewer: 630 daAuts
     D:5: 86 daAuts
  Temple: 35 daAuts
